 Dungeon Crawl Stone Soup version 0.28-a0-1038-g9c4cb8273d (webtiles) character file.

Game seed: 2312225526396784474

9657 garbled the Demolition Vine Stalker (level 11, 60/60 HPs)
             Began as a Vine Stalker Monk on Dec 8, 2021.
             Was an Elder of Makhleb.
             Quit the game on level 10 of the Dungeon.
             The game lasted 00:43:16 (9179 turns).

garbled the Demolition Vine Stalker (VSMo)          Turns: 9179, Time: 00:43:17

Health: 60/60      AC: 17    Str: 18    XL:     11   Next: 49%
Magic:  20/24      EV:  6    Int: 10    God:    Makhleb [****..]
Gold:   676        SH:  0    Dex: 17    Spells: 26/26 levels left

rFire   . . .      SeeInvis .   a - +1 whip (venom)
rCold   . . .      Faith    .   (no shield)
rNeg    . . .      Spirit   +   n - +0 plate armour
rPois   +          Reflect  .   F - +2 helmet
rElec   .          Harm     .   (no cloak)
rCorr   .          Rampage  .   i - +0 pair of gloves
Will    +....                   (no boots)
Stlth   ..........              (no amulet)
HPRegen 1.00/turn               k - ring of poison resistance
MPRegen 0.19/turn               (no ring)

@: no status effects
A: fangs 3, regeneration 1, magic shield, antimagic bite, no potion heal 2
a: Renounce Religion, Minor Destruction, Lesser Servant of Makhleb, Major
Destruction


You were on level 10 of the Dungeon.
You worshipped Makhleb.
Makhleb was greatly pleased with you.
You visited 1 branch of the dungeon, and saw 10 of its levels.
You also visited: Ossuary.

You collected 676 gold pieces.

Inventory:

Hand Weapons
 a - a +1 whip of venom (weapon)
 b - a +2 spear of freezing
 f - a +1 dagger of draining
Missiles
 l - 3 boomerangs (quivered)
 s - 341 stones
Armour
 i - a +0 pair of gloves (worn)
 n - a +0 plate armour (worn)
 w - a +0 troll leather armour
 F - a +2 helmet (worn)
Magical Staves
 D - a staff of cold
 E - a staff of air
Jewellery
 k - a ring of poison resistance (left hand)
 A - a ring of see invisible
Wands
 j - a wand of iceblast (25)
 t - a wand of polymorph (8)
 C - a wand of paralysis (7)
Scrolls
 c - 3 scrolls of amnesia
 p - 2 scrolls of brand weapon
 r - a scroll of teleportation
 v - a scroll of silence
 y - 4 scrolls of fear
 z - a scroll of fog
Potions
 d - a potion of ambrosia
 e - 2 potions of magic
 g - a potion of invisibility
 h - 5 potions of mutation
 m - a potion of resistance
 o - 2 potions of lignification
 q - 3 potions of curing
 u - 3 potions of brilliance
 x - 2 potions of attraction
 B - 2 potions of berserk rage


   Skills:
 + Level 8.2 Fighting
 - Level 2.8 Polearms
 + Level 6.9 Armour
 - Level 2.4 Dodging
 - Level 8.0 Stealth
 + Level 8.3 Spellcasting
 * Level 8.4 Invocations


You had 26 spell levels left.
You didn't know any spells.
Your spell library contained the following spells:

 Spells                   Type           Power      Damage    Failure   Level
 Ensorcelled Hibernation  Hex/Ice        8%         N/A       100%        2
 Scorch                   Fire           8%         2d5       100%        2
 Spider Form              Tmut/Pois      4%         N/A       100%        3
 Flame Wave               Conj/Fire      4%         2d4       100%        4
 Hailstorm                Conj/Ice       4%         3d4       100%        4
 Ice Form                 Ice/Tmut       4%         N/A       100%        4
 Summon Ice Beast         Ice/Summ       4%         N/A       100%        4
 Summon Forest            Summ/Tloc      2%         N/A       100%        5
 Summon Mana Viper        Hex/Summ       4%         N/A       100%        5
 Simulacrum               Ice/Necr       2%         N/A       100%        6
 Summon Cactus Giant      Summ           2%         N/A       100%        6
 Monstrous Menagerie      Summ           2%         N/A       100%        7


Dungeon Overview and Level Annotations

Branches:
Dungeon (10/15)            Temple (0/1) D:6             Orc (0/2) D:10
Ossuary (visited)
   Lair: D:8-11

Altars:
Makhleb
Qazlal
Uskayaw

Annotations:
D:3 Natasha


Innate Abilities, Weirdness & Mutations

You have razor-sharp teeth.
Your natural rate of healing is unusually fast.
When hurt, damage is shared between your health and your magic reserves.
Your bite disrupts and absorbs the magic of your enemies.
Potions cannot restore your health.


Message History

Your bite misses the troll.
The troll is severely wounded.
The troll bites you but does no damage.
The troll claws you but does no damage. x2
You completely miss the troll. You bite the troll, but do no damage.
The troll is almost dead.
The troll bites you. The troll claws you but does no damage.
The troll claws you!
You hit the troll.
You kill the troll!
Makhleb accepts your kill.
You feel better.
The troll leather armour is intact enough to wear.
Unknown command.
Items here: ) [[ †††††.
w - a +0 troll leather armour
Okay, then.
You start removing your armour.
You continue taking off your +0 plate armour. x4
You finish taking off your +0 plate armour.
You start putting on your armour.
You continue putting on your +0 troll leather armour. x5
You finish putting on your +0 troll leather armour.
The armour throbs as it attunes itself to your uninjured body.
You start removing your armour.
You continue taking off your +0 troll leather armour. x4
You finish taking off your +0 troll leather armour.
You start putting on your armour.
You continue putting on your +0 plate armour. x5
You finish putting on your +0 plate armour.
Unknown command.
Are you sure you want to abandon this character and quit the game? (Confirm with "yes".)
Okay, then.
Unknown command.
Unknown command.
Saving game... please wait.
Welcome back, garbled the Vine Stalker Monk.
Blood and souls for Makhleb!
Press ? for a list of commands and other information.
Okay, then.
Are you sure you want to abandon this character and quit the game? (Confirm with "yes".)

,,,**,* *,**,*,,,...,,,,,,,**,*
*,***,* *,,,,,,,,..#*********<*
*,* *,* ****,****#.# ******** *,*
*,* *,* #.######*8**8**8 *,*
*,**####,* #.##...+,,,,,,,,
*****,*,.....#####.##.###*8**8**8
,,,,***,####............#********
**,,,**,.........#......#*,,,,,,,
,**,,,,,####.###@#......#**,,,,,*
,,,,,,,>,,,,,* #.##.....###*,,,..
,**,,,,****,,* #.##.......#**,##.
**,,,*** *,,* #.##[......#####..
,,,,** *,,**#.##.......#......
***+* *,,,,............>###..
,,,,** *,***#.##.........####.
**,,,** *,* #.##..............
,**,8,*****,***#.##.......#<#....


There were no monsters in sight!

Vanquished Creatures
  A hydra (D:7)
  A two-headed ogre (D:9)
  A troll (D:10)
  A shadow (D:10)
  15 yaks
  A wyvern (D:7)
  Eustachio (D:5)
  3 vampire mosquitoes (D:10)
  Edmund (D:4)
  2 water moccasins (D:6)
  An acid dragon (D:7)
  2 sky beasts (D:7)
  3 ice beasts
  An orc warrior (D:8)
  A necrophage (D:6)
  3 ogres
  6 centaurs
  2 elf zombies (Ossuary)
  5 bullfrogs
  A wyvern zombie (D:7)
  2 gnoll sergeants
  5 scorpions
  2 water moccasin skeletons
  A killer bee (D:8)
  2 howler monkeys
  5 centaur zombies
  A bullfrog skeleton (D:6)
  3 hounds
  A human zombie (Ossuary)
  7 jellies
  4 orc priests
  A gnoll shaman (D:9)
  Jessica (D:2)
  Ijyb (D:5)
  Natasha (D:3)
  3 iguanas
  2 orc wizards
  2 scorpion zombies (D:5)
  A killer bee zombie (D:8)
  An ogre zombie (Ossuary)
  A hound zombie (D:5)
  2 hound skeletons
  7 mummies (Ossuary)
  2 howler monkey zombies
  Robin (D:3)
  11 gnolls
  5 adders
  2 white imps (D:7)
  An ufetubus (D:5)
  5 adder zombies (Ossuary)
  An adder skeleton (D:4)
  2 worms (D:4)
  4 dart slugs
  25 orcs
  3 bats
  4 endoplasms
  7 giant cockroaches
  9 hobgoblins
  4 jackals (D:3)
  3 quokkas
  7 ball pythons
  6 frilled lizards
  A gnoll zombie (Ossuary)
  15 goblins
  3 goblin zombies (Ossuary)
  2 hobgoblin zombies (Ossuary)
  9 kobolds
  A kobold zombie (Ossuary)
  An orc zombie (Ossuary)
  6 quokka zombies (Ossuary)
  2 rats
  3 rat zombies (Ossuary)
253 creatures vanquished.

Vanquished Creatures (collateral kills)
  A cyclops (D:7)
  A shadow (D:7)
  A water moccasin (D:7)
  An ice beast (D:7)
  An orc warrior (D:7)
  A bullfrog (D:7)
  A howler monkey (D:7)
  A centaur zombie (D:7)
  2 orcs (D:7)
10 creatures vanquished.

Vanquished Creatures (others)
  A fungus (D:2)
  4 plants (D:2)
5 creatures vanquished.

Grand Total: 268 creatures vanquished

Notes
Turn   | Place    | Note
-------+----------+-------------------------------------------
     0 | D:1      | garbled the Vine Stalker Monk began the quest for the Orb.
     0 | D:1      | Reached XP level 1. HP: 11/11 MP: 2/2
   374 | D:1      | Reached XP level 2. HP: 16/16 MP: 3/3
  1112 | D:2      | Reached XP level 3. HP: 17/20 MP: 3/5
  1353 | D:2      | Noticed Jessica
  1364 | D:2      | Killed Jessica
  1365 | D:2      | Reached skill level 1 in Armour
  1365 | D:2      | Reached skill level 1 in Spellcasting
  1395 | D:2      | Gained mutation: Your natural rate of healing is unusually
                  | fast. [Vine Stalker growth]
  1395 | D:2      | Reached XP level 4. HP: 24/24 MP: 5/7
  1743 | D:2      | Found a faded altar of an unknown god.
  2148 | D:3      | Reached XP level 5. HP: 23/28 MP: 6/9
  2260 | D:3      | Noticed Robin
  2272 | D:3      | Killed Robin
  2500 | D:3      | Noticed Natasha
  2502 | D:3      | Killed Natasha
  2503 | D:3      | Reached XP level 6. HP: 33/33 MP: 10/10
  2610 | D:3      | Noticed Natasha
  2781 | D:4      | Noticed Edmund
  2826 | D:4      | Killed Edmund
  3055 | D:4      | Noticed a yak
  3056 | D:4      | Noticed a yak
  3056 | D:4      | Noticed a yak
  3056 | D:4      | Noticed a yak
  3057 | D:4      | Noticed a yak
  3080 | D:4      | Killed a yak
  3081 | D:4      | Reached skill level 5 in Stealth
  3081 | D:4      | Reached XP level 7. HP: 29/37 MP: 12/12
  3100 | D:4      | Killed a yak
  3112 | D:4      | Killed a yak
  3129 | D:4      | Killed a yak
  3130 | D:4      | Gained mutation: You have razor-sharp teeth. [Vine Stalker
                  | growth]
  3130 | D:4      | Reached XP level 8. HP: 40/42 MP: 12/15
  3188 | D:4      | Reached skill level 5 in Fighting
  3240 | D:4      | Killed a yak
  3845 | D:5      | Entered Level 5 of the Dungeon
  4134 | D:5      | Found a stormy altar of Qazlal.
  4157 | D:5      | Reached skill level 5 in Spellcasting
  4207 | D:5      | Reached XP level 9. HP: 48/48 MP: 17/17
  4210 | D:5      | Noticed Eustachio
  4228 | D:5      | Killed Eustachio
  4262 | D:5      | Noticed Ijyb
  4278 | D:5      | Killed Ijyb
  4464 | D:5      | Found a burning altar of Makhleb.
  4472 | D:5      | Became a worshipper of Makhleb the Destroyer
  4472 | D:5      | Reached * piety under Makhleb
  4472 | D:5      | Reached ** piety under Makhleb
  5080 | D:6      | Reached skill level 1 in Invocations
  5224 | D:6      | Reached skill level 5 in Armour
  5277 | D:6      | Found a sand-covered staircase.
  5283 | Ossuary  | Entered an ossuary
  6050 | D:6      | Found a staircase to the Ecumenical Temple.
  6411 | D:6      | Reached XP level 10. HP: 53/53 MP: 20/20
  6486 | D:7      | Noticed Maggie
  6487 | D:7      | Noticed Maggie
  6487 | D:7      | Maggie changed into Maggie the ice beast
  6494 | D:7      | Killed Maggie the ice beast
  6656 | D:7      | Reached skill level 5 in Invocations
  6684 | D:7      | Reached *** piety under Makhleb
  6737 | D:7      | Noticed an eight-headed hydra
  6745 | D:7      | Killed an eight-headed hydra
  7034 | D:7      | Noticed a cyclops
  7043 | D:7      | Killed a cyclops
  7583 | D:7      | Reached XP level 11. HP: 57/59 MP: 19/23
  8527 | D:9      | You fall into a shaft and drop 1 floor!
  8527 | D:10     | Entered Level 10 of the Dungeon
  8527 | D:10     | Found a staircase to the Orcish Mines.
  8563 | D:9      | Noticed a two-headed ogre
  8689 | D:9      | Killed a two-headed ogre
  8736 | D:9      | Found a hide-covered altar of Uskayaw.
  8845 | D:9      | Reached **** piety under Makhleb
  9179 | D:10     | Quit the game

Illustrated notes

Levels and vault maps discovered:
D:1:      giann_horns, layout_loops_ring, serial_co_window_serial,
          co_window_paths_a, co_window_corner_a, co_window_paths_a,
          co_window_paths_a, co_window_paths_a, co_window_broadway_b,
          co_window_corner_ca, co_window_broadway_a, co_window_unsneaky_path_d,
          co_window_paths_e, glass_columns_b, glass_columns_a, glass_columns_b,
          glass_columns_c, glass_columns_b, corexii_hall_statues_t
D:2:      layout_loops_corners, dreamdust_ecumenical_altar_grove, uniq_jessica
D:3:      layout_basic, minivault_5, hangedman_abyss_or_decor_lesser_grid,
          uniq_natasha, uniq_robin
D:4:      minmay_recursive_quarters, layout_loops_ring, uniq_edmund
D:5:      layout_basic, nicolae_qazlal_scattered_showers,
          mainiacjoe_overflow_paths, uniq_ijyb, uniq_eustachio
D:6:      layout_loops_cross, minmay_temple_entry_nine_rooms,
          nicolae_ossuary_entry_plus
D:7:      minmay_the_grid_four_pointed_star
          [minmay_the_grid_triangle_9x9_negative_grid,
          minmay_the_grid_triangle_9x9_descending_squares,
          minmay_the_grid_triangle_9x9_windchime,
          minmay_the_grid_triangle_9x9_stretched_checkered,
          minmay_the_grid_prize_trominoes], layout_gridville,
          columned_hall_lemuel, uniq_maggie
D:8:      layout_gridville, st_stairs_13
D:9:      layout_rooms, nicolae_uskayaw_dance_hall
D:10:     layout_loops_ring, david_orc_1_choice, dk_noncrumbling_2,
          minmay_circle_x

Skill      XL: |  1  2  3  4  5  6  7  8  9 10 11 |
---------------+----------------------------------+-----
Fighting       | 3 4 5 6 7 8 |  8.2
Armour         | 1 2 3 4 5 6 |  6.9
Stealth        | 3 4 5 6 7 8 |  8.0
Spellcasting   | 1 2 3 4 5 6 7 8 |  8.3
Invocations    | 4 7 8 |  8.4
Polearms       | |  2.8
Dodging        | |  2.4

Action                   |  1- 3 |  4- 6 |  7- 9 | 10-12 || total
-------------------------+-------+-------+-------+-------++-------
Melee: Spear             |     9 |       |   185 |   147 ||   341
       Dagger            |    39 |   153 |   131 |       ||   323
       Bite              |    12 |    47 |   128 |   141 ||   328
       Whip              |       |       |       |   143 ||   143
Throw: Stone             |     2 |     1 |       |       ||     3
       Boomerang         |       |    10 |     9 |       ||    19
Invok: Minor Destruction |       |       |   164 |    98 ||   262
       Lesser Servant of |       |       |       |     5 ||     5
Evoke: Wand              |       |       |       |     6 ||     6
  Use: Scroll            |     3 |     3 |     6 |    12 ||    24
       Potion            |       |       |     1 |     2 ||     3
 Stab: Sleeping          |     3 |     2 |     3 |       ||     8
Armor: Ring mail         |    10 |    40 |       |       ||    50
       Scale mail        |       |     2 |    93 |       ||    95
       Plate armour      |       |       |   115 |   294 ||   409
Dodge: Dodged            |    18 |    91 |   176 |   121 ||   406

Table legend: (Time is in decaauts)
 A = Elapsed time spent in this place.
 B = Non-inter-level travel time spent in this place.
 C = Inter-level travel time spent in this place.
 D = Time resting spent in this place.
 E = Time spent auto-exploring this place.
 F = Levels seen in this place.
 G = Mean time per level.
                   A        B        C        D        E       F      G
               +--------+--------+--------+--------+--------+-----+--------+
         Total |   9181 |   8835 |    346 |     39 |   6081 |  11 |  834.6 |
       Dungeon |   8647 |   8301 |    346 |     39 |   5877 |  10 |  864.7 |
       Ossuary |    534 |    534 |      0 |      0 |    204 |   1 |  534.0 |
               +--------+--------+--------+--------+--------+-----+--------+

Top non-repeatable levels by time:
     D:4: 1201 daAuts
     D:5: 1168 daAuts
     D:7: 1097 daAuts
     D:1: 1085 daAuts
     D:6: 898 daAuts
     D:8: 869 daAuts
     D:2: 833 daAuts
     D:3: 746 daAuts
     D:9: 609 daAuts
 Ossuary: 534 daAuts
    D:10: 135 daAuts
